 Dungeon Crawl Stone Soup version 0.21.1-1-g345015f (webtiles) character file.

25 letownia2 the Magician (level 3, -4/24 HPs)
             Began as a Merfolk Wizard on Mar 10, 2018.
             Hit by a tomahawk thrown by an orc (7 damage)
             ... on level 4 of the Dungeon.
             The game lasted 00:04:36 (676 turns).

letownia2 the Magician (Merfolk Wizard)              Turns: 676, Time: 00:04:37

Health: -4/24      AC:  2    Str:  8    XL:     3   Next: 6%
Magic:  0/7        EV: 13    Int: 17    God:
Gold:   59         SH:  0    Dex: 12    Spells: 2/8 levels left

rFire    . . .     SeeInvis .   l - +0 dagger
rCold    . . .     Gourm    .   (no shield)
rNeg     . . .     Faith    .   a - +0 robe
rPois    .         Spirit   .   b - +0 hat
rElec    .         Reflect  .   (no cloak)
rCorr    .         Harm     .   (no gloves)
MR       +....                  (no boots)
Stlth    ++........             (no amulet)
HPRegen  0.08/turn              g - ring of protection from magic
MPRegen  0.10/turn              (no ring)

@: very slightly contaminated
A: change form in water, swift swim, stealthy swim
a: no special abilities


You were on level 4 of the Dungeon.
You were not hungry.

You visited 1 branch of the dungeon, and saw 4 of its levels.

You collected 59 gold pieces.

Inventory:

Hand Weapons
 l - a +0 dagger (weapon)
 o - a +0 morningstar
Armour
 a - a +0 robe (worn)
 b - a +0 hat (worn)
 i - a +0 ring mail
 n - a +0 leather armour
Jewellery
 g - a ring of protection from magic (left hand)
Scrolls
 f - a scroll of amnesia {unknown}
 k - a scroll of teleportation {unknown}
 m - a scroll of identify {unknown}
Potions
 e - 2 potions of curing {unknown}
 j - a potion of heal wounds {unknown}
Books
 c - a book of Minor Magic

   Spells                             Type                      Level
   a - Magic Dart                     Conjuration                  1
   b - Blink                          Translocation                2
   c - Call Imp                       Summoning                    2
   d - Slow                           Hexes                        2
   e - Conjure Flame                  Conjuration/Fire             3
   f - Mephitic Cloud                 Conjuration/Poison/Air       3
Comestibles
 d - 3 rations


   Skills:
 - Level 2.6 Dodging
 - Level 2.1 Stealth
 - Level 3.0 Spellcasting
 - Level 2.3 Conjurations
 + Level 1.0 Summonings
   Level 0.7 Translocations
 + Level 0.0 Air Magic
 + Level 0.0 Poison Magic


You had 2 spell levels left.
You knew the following spells:

 Your Spells              Type           Power        Failure   Level  Hunger
a - Magic Dart            Conj           ##..         7%          1    None
e - Mephitic Cloud        Conj/Pois/Air  #.......     36%         3    ###....
i - Call Imp              Summ           #.......     17%         2    ##.....


Dungeon Overview and Level Annotations

Branches:
Dungeon (4/15)
 Temple: D:4-7

Altars:
Gozag
Trog
The Shining One

Annotations:
D:3 Grinder, Ijyb


Message History

Found a stone staircase leading down.
An orc comes into view. It is wielding a club.
The orc shouts!
The orc moves out of view.
An orc comes into view.
An orc comes into view. It is wielding a dagger.
The orc throws a tomahawk.
The tomahawk barely misses you.
You see here a tomahawk.
Casting: Magic Dart
Confirm with . or Enter, or press ? or * to list all spells.
Aiming: Magic Dart
Press: ? - help, Shift-Dir - straight line, f/p - iguana
Aim: an iguana (almost dead)
The magic dart hits the iguana.
The iguana is almost dead.
The orc shouts!
The iguana completely misses you.
Unknown command.
The orc throws a tomahawk.
The tomahawk hits you!
You die...

### ## ......
#...#.##
##..o....
........#
..o....o#
........#####
......#.l...#
.......@###.#
...._>.## #.#
....... #.#
....##. #.#
..# #. #(# .
#. #(# #. #.#
#. #(# #<#


You could see an iguana and 3 orcs.

Vanquished Creatures
  A worm (D:3)
  2 leopard geckos (D:1)
  An orc (D:3)
  A ball python (D:3)
  3 hobgoblins
  2 frilled lizards
  2 goblins
  3 rats
15 creatures vanquished.

Vanquished Creatures (collateral kills)
  3 orcs (D:3)
  A bat (D:3)
4 creatures vanquished.

Grand Total: 19 creatures vanquished

Notes
Turn   | Place    | Note
-------+----------+-------------------------------------------
     0 | D:1      | letownia2 the Merfolk Wizard began the quest for the Orb.
     0 | D:1      | Reached XP level 1. HP: 13/13 MP: 4/4
    54 | D:1      | Reached skill level 1 in Conjurations
   142 | D:1      | Reached XP level 2. HP: 12/19 MP: 3/6
   156 | D:1      | Learned a level 2 spell: Call Imp
   335 | D:3      | Noticed Ijyb
   453 | D:3      | Found an opulent altar of Gozag.
   534 | D:3      | Found a bloodstained altar of Trog.
   597 | D:3      | Reached XP level 3. HP: 17/24 MP: 3/7
   604 | D:3      | Learned a level 3 spell: Mephitic Cloud
   613 | D:3      | Noticed Grinder
   672 | D:4      | Found a glowing golden altar of the Shining One.
   676 | D:4      | Hit by a tomahawk thrown by an orc

Skill      XL: |  1  2 |
---------------+-------+-----
Conjurations   | 1 2 |  2.3
Dodging        | |  2.6
Stealth        | |  2.1
Spellcasting   | |  3.0
Summonings     | |  1.0
Translocations | |  0.7

Action                   || total
-------------------------++-------
Melee: Unarmed           ||     7
       Dagger            ||    11
Throw: Javelin           ||    12
 Cast: Magic Dart        ||    29
       Call Imp          ||     6
       Mephitic Cloud    ||     1
Armor: Robe              ||     3
Dodge: Dodged            ||    13
